 Dungeon Crawl Stone Soup version 0.30.1 (webtiles) character file.

Game seed: 12933444435884188150

5742 javelincjr the Cudgeller (level 10, -10/76 HPs)
             Began as a Troll Gladiator on July 8, 2023.
             Was a Priest of Hepliaklqana.
             Mangled by an orc warlord
             ... wielding a +2 broad axe
              (28 damage)
             ... in a bailey.
             The game lasted 00:28:32 (5970 turns).

javelincjr the Cudgeller (Troll Gladiator)          Turns: 5970, Time: 00:28:33

Health: -10/76     AC:  7    Str: 32    XL:     10   Next: 49%
Magic:  0/13       EV: 11    Int:  4    God:    Hepliaklqana [***...]
Gold:   1424       SH:  0    Dex: 13    Spells: 14/14 levels left

rFire   + . .        Q - +2 giant spiked club
rCold   x . .        (shield currently unavailable)
rNeg    + . .        K - +1 robe of Pride {Fly rPois Str+4 Slay+5}
rPois   +            c - +1 hat
rElec   .            p - +0 cloak
rCorr   .            (gloves unavailable)
SInv    .            (boots unavailable)
Will    .....        j - amulet of guardian spirit
Stlth   +            v - ring "Zanaqeacie" {Fire Dex+2 Slay+3}
HPRegen 1.12/turn    w - ring of positive energy
MPRegen 0.13/turn

%: guardian spirit
@: flying, studying Ranged Weapons
A: reduced essence, large, unfitting armour, claws 3, regeneration 1, shaggy fur
1, tough skin 1, antennae 1, frail 1
a: Renounce Religion, Recall Ancestor, Ancestor Identity, Transference


You were in a bailey.
You worshipped Hepliaklqana.
Hepliaklqana was most pleased with you.
You visited 1 branch of the dungeon, and saw 7 of its levels.
You also visited: Ossuary and Bailey.

You collected 1539 gold pieces.
You spent 115 gold pieces at shops.

Inventory:

Hand Weapons
 a - a +0 flail
 B - a +1 short sword of venom
 H - a +4 rapier of freezing
 J - a +2 whip of flaming
 O - a +1 morningstar of protection
 Q - a +2 giant spiked club (weapon)
Missiles
 d - 4 throwing nets (quivered)
 e - a large rock
 k - 16 boomerangs
 P - 2 silver boomerangs
Armour
 c - a +1 hat (worn)
 o - a +0 kite shield
 p - a +0 cloak (worn)
 s - an orb of wrath
 G - a +2 robe of willpower
 K - the +1 robe of Pride (worn) {Fly rPois Str+4 Slay+5}
   (You found it on level 5 of the Dungeon)

   Str:       It affects your strength (+4).
   Slay:      It affects your accuracy & damage with ranged weapons and melee
   (+5).
   rPois:     It protects you from poison.
   Fly:       It grants you flight.
Magical Staves
 A - a staff of fire
Jewellery
 j - an amulet of guardian spirit (around neck)
 r - a +6 ring of intelligence
 t - an amulet of faith
 v - the ring "Zanaqeacie" (left claw) {Fire Dex+2 Slay+3}
   (You bought it in a shop on level 3 of the Dungeon)

   [ring of fire]

   It enhances your fire magic.
   Dex:       It affects your dexterity (+2).
   Slay:      It affects your accuracy & damage with ranged weapons and melee
   (+3).
   rF:        It protects you from fire.
   rC:        It makes you vulnerable to cold.
 w - a ring of positive energy (right claw)
 y - a ring of ice
 M - a ring of resist corrosion
Wands
 g - a wand of mindburst (16)
 S - a wand of digging (4)
Scrolls
 f - 2 scrolls of amnesia
 n - 2 scrolls of poison
 u - a scroll of immolation
 x - 6 scrolls of teleportation
 E - a scroll of blinking
 N - 2 scrolls of fog
Potions
 b - 2 potions of brilliance
 h - 2 potions of heal wounds {unknown}
 i - 4 potions of might
 l - 3 potions of degeneration
 m - a potion of haste {unknown}
 q - a potion of resistance {unknown}
 z - 2 potions of attraction
 C - a potion of invisibility {unknown}
 D - 3 potions of magic
 F - 2 potions of lignification {unknown}
 I - a potion of ambrosia {unknown}
 R - a potion of curing {unknown}


   Skills:
 + Level 5.1 Fighting
 * Level 6.5 Maces & Flails
 + Level 5.6 Throwing
 + Level 5.5 Dodging
 + Level 4.5 Shields
 + Level 2.9 Spellcasting
 + Level 3.6 Fire Magic
 + Level 4.4 Invocations


You had 14 spell levels left.
You didn't know any spells.
Your spell library contained the following spells:

 Spells                   Type           Power      Damage    Failure   Level
 Apportation              Tloc           0%         N/A       41%         1
 Blink                    Tloc           0%         N/A       54%         2
 Summon Guardian Golem    Hex/Summ       0%         N/A       78%         3
 Manifold Assault         Tloc           0%         N/A       99%         4
 Alistair's Intoxication  Tmut/Pois      0%         N/A       100%        5
 Orb of Destruction       Conj           0%         9d5       100%        7
 Spellforged Servitor     Conj/Summ      0%         N/A       100%        7
 Storm Form               Tmut/Air       0%         N/A       100%        7


Dungeon Overview and Level Annotations

Branches:
Dungeon (7/15)             Temple (0/1) D:6         Ossuary (visited)
 Bailey (1/1)

Altars:
Dithmenos
Hepliaklqana
Makhleb
Nemelex Xobeh
Ru
Sif Muna
Trog

Shops:
D:3 *   D:6 (


Innate Abilities, Weirdness & Mutations

Your life essence is reduced to manifest your ancestor. (-10% HP)
You are too large for most types of armour.
You have claws for hands.
Your natural rate of healing is unusually fast.
You are covered in fur. (AC +1)
You have tough skin. (AC +1)
You have a pair of small antennae on your head.
You are frail. (-10% HP)


Message History

The orc warlord roars a battlecry!
The orc warriors go into a battle-frenzy!
You closely miss the orc warrior.
The orc warrior hits you with a +0 hand axe!
The goblin shouts!
You bludgeon the orc warrior!!
You kill the orc warrior!
The hobgoblin misses you.
Unknown command.
You puncture the hobgoblin!
You kill the hobgoblin!
Unknown command.
You bludgeon the gnoll!!
You kill the gnoll!
The goblin closely misses you.
You closely miss the goblin. The goblin hits you with a +0 war axe.
Unknown command.
You closely miss the goblin. The goblin closely misses you.
You puncture the orc warlord!
The orc warlord is lightly wounded.
The orc warlord hits you with a +2 broad axe!
You bludgeon the orc warlord!!
The orc warlord is moderately wounded.
The orc warlord hits you with a +2 broad axe!
The orc warlord hits you with a +2 broad axe!!
You closely miss the orc warlord.
The orc warlord is moderately wounded.
The orc warlord hits you with a +2 broad axe!
You are too injured to fight recklessly!
You barely miss the orc warlord.
The orc warlord is moderately wounded.
The orc warrior no longer looks unusually strong.
Ealdgyð casts a spell at the goblin.
The stone arrow hits the orc warlord!
The orc warlord hits you with a +2 broad axe!!
* * * LOW HITPOINT WARNING * * *
You crush the orc warlord like a grape!!!
The orc warlord is severely wounded.
The orc warlord hits you with a +2 broad axe!!
You die...

##.......## #.........#
##.........##
#######.....⌠.)...#######
##.....##).......)##.....##
#......))........)).......#
##......)##......)##)......##
#.........#..R....#.........#
##.........##88@88##.........##
#.....⌠.....###o###.....⌠.....#
##.........##


ggg ##.........## #.........# .go.. #.........# ##.......##.......##....)..##
#.......#.........#..)))..# ##.....##.........##.)...##
##'####...........####'## ##..)..## ##.....## You could see the friendly Ealdgyð
the battlemage, an orc warlord, an orc warrior and 4 goblins.

Vanquished Creatures
  A two-headed ogre (D:6)
  Pikel (D:5)
  An orc knight (Bailey)
  A hornet (D:7)
  A yak (D:5)
  A wraith (D:6)
  2 water moccasins
  12 orc warriors
  2 lemures (D:5)
  2 kobold brigands
  A bullfrog (D:7)
  3 scorpions
  5 wights (D:6)
  A killer bee (D:5)
  A jelly (D:6)
  A howler monkey (D:5)
  A centaur zombie (Ossuary)
  A human zombie (Ossuary)
  2 orc priests (D:6)
  3 hounds
  A gnoll bouda (D:5)
  2 sleepcaps
  An iguana (D:5)
  6 orc wizards
  2 mummies (Ossuary)
  15 gnolls
  9 adders
  A white imp (D:6)
  4 worms
  5 dart slugs
  16 orcs
  5 ball pythons
  8 bats
  7 endoplasms
  5 giant cockroaches
  A gnoll zombie (Ossuary)
  12 goblins
  13 hobgoblins
  6 quokkas
  4 frilled lizards
  2 goblin zombies (Ossuary)
  4 hobgoblin zombies (Ossuary)
  17 kobolds
  2 orc zombies (Ossuary)
  3 rats
  A spectral goblin (D:4)
195 creatures vanquished.

Vanquished Creatures (collateral kills)
  Menkaure (D:7)
  A black bear (D:6)
  3 orc warriors
  A bullfrog (D:6)
  2 scorpions
  A hound (D:6)
  2 sleepcaps
  A gnoll bouda (D:6)
  An iguana (D:6)
  4 gnolls
  An adder (D:6)
  11 orcs
  A gnoll zombie (Ossuary)
  10 goblins
  5 hobgoblins
  A bat (D:6)
  4 kobolds
  2 orc zombies (Ossuary)
52 creatures vanquished.

Vanquished Creatures (others)
  A battlemage (Bailey)
  2 ancestors (D:5)
3 creatures vanquished.

Grand Total: 250 creatures vanquished

Notes
Turn   | Place    | Note
-------+----------+-------------------------------------------
     0 | D:1      | javelincjr the Troll Gladiator began the quest for the Orb.
     0 | D:1      | Reached XP level 1. HP: 19/19 MP: 0/0
    98 | D:1      | Reached XP level 2. HP: 28/28 MP: 1/1
   567 | D:2      | Reached skill level 3 in Maces & Flails
   576 | D:2      | Reached XP level 3. HP: 35/35 MP: 2/2
   750 | D:2      | Reached XP level 4. HP: 32/42 MP: 3/3
   994 | D:3      | Found Gyrihux's Assorted Antiques.
  1000 | D:3      | Bought a pitted golden ring for 115 gold pieces
  1000 | D:3      | Identified the ring "Zanaqeacie" {Fire Dex+2 Slay+3} (You
                  | bought it in a shop on level 3 of the Dungeon)
  1205 | D:3      | Reached XP level 5. HP: 50/50 MP: 4/4
  1828 | D:4      | Found a hazy altar of Hepliaklqana.
  1923 | D:4      | Became a worshipper of Hepliaklqana the Forgotten
  2664 | D:5      | Entered Level 5 of the Dungeon
  2693 | D:5      | Found a shadowy altar of Dithmenos.
  2720 | D:5      | Reached XP level 6. HP: 59/59 MP: 5/5
  2724 | D:5      | Found a shimmering blue altar of Sif Muna.
  2793 | D:5      | Noticed Pikel
  2815 | D:5      | Killed Pikel
  2816 | D:5      | Reached skill level 4 in Maces & Flails
  2816 | D:5      | Reached skill level 1 in Shields
  2816 | D:5      | Reached skill level 1 in Fire Magic
  2816 | D:5      | Reached skill level 1 in Invocations
  2816 | D:5      | Reached XP level 7. HP: 62/67 MP: 3/7
  2889 | D:5      | Noticed a yak
  2897 | D:5      | Reached skill level 1 in Spellcasting
  2923 | D:5      | Killed a yak
  2972 | D:5      | Identified the +1 robe of Pride {Fly rPois Str+4 Slay+5}
  2987 | D:5      | Reached XP level 8. HP: 72/75 MP: 5/8
  3124 | D:2      | Reached * piety under Hepliaklqana
  3662 | D:5      | Found a transporter.
  3665 | D:5      | Found a burning altar of Makhleb.
  3666 | D:5      | Found a transporter.
  3803 | D:5      | Found a sparkling altar of Nemelex Xobeh.
  4067 | D:6      | Reached skill level 5 in Maces & Flails
  4130 | D:6      | Reached XP level 9. HP: 75/75 MP: 10/10
  4175 | D:6      | Found a sand-covered staircase.
  4180 | Ossuary  | Entered an ossuary
  4331 | D:6      | Gained mutation: Your magical capacity is low. (-10% MP)
                  | [potion of mutation]
  4332 | D:6      | Lost mutation: Your magical capacity is low. (-10% MP)
                  | [potion of mutation]
  4332 | D:6      | Gained mutation: You are frail. (-10% HP) [potion of
                  | mutation]
  4332 | D:6      | Gained mutation: You have a pair of small antennae on your
                  | head. [potion of mutation]
  4382 | D:6      | Found a staircase to the Ecumenical Temple.
  4386 | D:6      | Found Pyiwoijaic's Weapon Shop.
  4386 | D:6      | Noticed a +0 great mace
  4386 | D:6      | Noticed a +0 great mace
  4457 | D:6      | Found a sacrificial altar of Ru.
  4538 | D:6      | Reached ** piety under Hepliaklqana
  4539 | D:6      | Remembered your ancestor Ealdgyð as a battlemage
  4644 | D:6      | Noticed a two-headed ogre
  4650 | D:6      | Killed a two-headed ogre
  4651 | D:6      | Reached skill level 5 in Throwing
  4866 | D:6      | Found a bloodstained altar of Trog.
  4894 | D:6      | Identified a scroll of acquirement
  4894 | D:6      | Acquired 702 gold pieces
  4914 | D:6      | Reached skill level 5 in Dodging
  5409 | D:7      | Noticed Menkaure
  5418 | D:7      | Killed Menkaure
  5466 | D:7      | Reached *** piety under Hepliaklqana
  5473 | D:7      | Reached XP level 10. HP: 61/75 MP: 9/12
  5585 | D:7      | Found a flagged portal.
  5622 | Bailey   | Entered a bailey
  5641 | Bailey   | Reached skill level 6 in Maces & Flails
  5807 | Bailey   | Noticed an orc knight
  5809 | Bailey   | Reached skill level 5 in Fighting
  5814 | Bailey   | Killed an orc knight
  5957 | Bailey   | Noticed an orc warlord
  5970 | Bailey   | Mangled by an orc warlord

Illustrated notes

Levels and vault maps discovered:
D:1:      minmay_arrival_jagged, layout_basic
D:2:      minmay_chambers_of_twos, layout_rooms, due_unseen_surprise
D:3:      layout_loops_ring, serial_shops, nicolae_shop_hallway_stairs,
          serial_rivers, chequers_serial_rivers_micro_b,
          chequers_serial_rivers_micro_d, chequers_serial_rivers_large_b,
          chequers_serial_rivers_micro_b, kennysheep_generic_room_2
D:4:      layout_cave_pods, nicolae_hepliaklqana_monster_ancestors
D:5:      layout_rooms, mainiacjoe_overflow_surrounded_room, kennysheep_mini,
          gammafunk_temple_overflow_arena, minmay_manual_mullet, uniq_pikel
D:6:      layout_gridville, nicolae_ru_great_annihilating_truth,
          trog_hazing_becter, minmay_temple_entry_from_below_a, enter_ossuary_5,
          serial_shops, nicolae_shop_mannequins, hangedman_decor_diamond_cutter,
          lightli_corner_chamber
D:7:      layout_basic, nicolae_gozag_seed_capital, enter_bailey_5,
          nrook_mini_vaults, kennysheep_cross_room, uniq_menkaure
Bailey:   bailey_axe_minmay_hex_keep, bailey

Skill      XL: |  1  2  3  4  5  6  7  8  9 10 |
---------------+-------------------------------+-----
Throwing       | 2 3 4 5 |  5.6
Maces & Flails | 3 4 5 6 |  6.5
Fighting       | 2 3 4 5 |  5.1
Dodging        | 3 4 5 |  5.5
Shields        | 1 3 4 |  4.5
Fire Magic     | 1 2 3 |  3.6
Invocations    | 1 2 3 4 |  4.4
Spellcasting   | 1 2 |  2.9

Action                     |  1- 3 |  4- 6 |  7- 9 | 10-12 || total
---------------------------+-------+-------+-------+-------++-------
  Melee: Flail             |   171 |    71 |       |       ||   242
         Short sword       |       |    50 |       |       ||    50
         Rapier            |       |    42 |       |       ||    42
         Whip              |       |       |   115 |       ||   115
         Morningstar       |       |       |    92 |       ||    92
         Giant spiked club |       |       |    21 |    57 ||    78
  Throw: Throwing net      |       |     1 |     1 |       ||     2
 Invoke: Ancestor Life: Ba |       |       |     1 |       ||     1
  Evoke: Wand              |       |       |     1 |       ||     1
    Use: Scroll            |       |       |    16 |     2 ||    18
         Potion            |       |       |     2 |       ||     2
   Stab: Sleeping          |     1 |     4 |       |       ||     5
         Distracted        |       |       |     2 |     1 ||     3
 Armour: Robe              |    69 |    54 |    81 |    15 ||   219
  Dodge: Dodged            |   132 |    67 |    95 |    44 ||   338
  Block: Kite shield       |    21 |    57 |    87 |       ||   165
